 Dungeon Crawl Stone Soup version 0.30-a0-956-gcec3b41aec (webtiles) character file.

Game seed: 2052244029614018202

1398116 bakla the Sabretooth (level 25, 123/123 HPs)
             Began as a Felid Summoner on Mar 28, 2023.
             Was an Initiate of Gozag.
             Escaped with the Orb
             ... and 3 runes on Mar 30, 2023!
             The game lasted 05:06:32 (98624 turns).

bakla the Sabretooth (Felid Summoner)              Turns: 98624, Time: 05:06:33

Health: 123/123    AC:  5    Str:  2    XL:     25   Next: 54%
Magic:  54/54      EV: 44    Int: 25    God:    Gozag
Gold:   5721       SH:  2    Dex: 28    Spells: 2/58 levels left
                                        Lives:  2   Deaths: 2

rFire   + . .      SeeInvis +      - Unarmed
rCold   . . .      Faith    .    (shield unavailable)
rNeg    . . .      Spirit   +    (body armour unavailable)
rPois   .          Reflect  .    (helmet unavailable)
rElec   .          Rampage  .    (cloak unavailable)
rCorr   .                        (gloves unavailable)
Will    +++..                    (boots unavailable)
Stlth   +                        M - amulet "Gedghiur" {Spirit Regen+ Dex+8 Slay-2}
HPRegen 2.00/turn                k - ring of protection from fire
MPRegen 0.34/turn                X - ring of the Octopus King {HP+2 MP+9 AC+2 EV+2 SH+2}

@: hasted, studying 2 skills, very quick
A: very small, claws 1, fangs 3, see invisible, speed 1, shaggy fur 3, stealthy
paws, no weapons or thrown items, no armour, multi-lived, antennae 1, frail 1,
regeneration 1, weak 1, cold vulnerability 1, subdued magic 1, MP-powered wands,
devolution 1
0: Orb of Zot
}: 3/15 runes: barnacled, slimy, gossamer
a: Renounce Religion, Potion Petition, Call Merchant, Bribe Branch


You escaped.
You worshipped Gozag.
Gozag was greatly pleased with you.
You visited 12 branches of the dungeon, and saw 55 of its levels.
You visited the Abyss 1 time.
You also visited: Sewer, Ossuary and Ice Cave.

You collected 27906 gold pieces.
You spent 6047 gold pieces at shops.
You paid 16138 gold pieces to Gozag.

Inventory:

Hand Weapons
 v - a +0 shortbow
 Q - a +1 great sword of flaming
 R - a +0 long sword
Jewellery
 k - a ring of protection from fire (left paw)
 t - an amulet of the acrobat
 A - a ring of willpower
 C - a ring of protection from cold
 D - a +6 ring of intelligence
 F - a ring of resist corrosion
 I - a ring of magical power
 J - the ring "Epustozo" {MP+9 Int+5}
   (You found it in an ice cave)

   [ring of magical power]

   Int:       It affects your intelligence (+5).
   MP:        It affects your magic capacity (+9).
 M - the amulet "Gedghiur" (around neck) {Spirit Regen+ Dex+8 Slay-2}
   (You bought it in a shop on level 10 of the Dungeon)

   [amulet of guardian spirit]

   It causes incoming damage to be divided between your reserves of health and
   magic.
   Dex:       It affects your dexterity (+8).
   Slay:      It affects your accuracy & damage with ranged weapons and melee
   (-2).
   Regen:     It increases your rate of health regeneration.
 P - the ring "Zymmao" {rPois rC+ Will+++ Dex+3 Slay-6}
   (You bought it in a shop on level 10 of the Dungeon)

   [ring of protection from cold]

   Dex:       It affects your dexterity (+3).
   Slay:      It affects your accuracy & damage with ranged weapons and melee
   (-6).
   rC:        It protects you from cold.
   rPois:     It protects you from poison.
   Will:      It greatly increases your willpower.
 T - an amulet of magic regeneration
 X - a ring of the Octopus King (right paw) {HP+2 MP+9 AC+2 EV+2 SH+2}
   (You took it off a deep elf elementalist on level 3 of the Elven Halls)

   [ring of magical power]

   AC:        It affects your AC (+2).
   EV:        It affects your evasion (+2).
   HP:        It affects your health (+2).
   MP:        It affects your magic capacity (+9).
   SH:        It affects your SH (+2).
 Y - the amulet of the Shining Light {Faith +Inv rElec Will-}
   (You took it off a deep elf high priest on level 3 of the Elven Halls)

   [amulet of faith]

   It allows you to gain divine favour quickly.
   rElec:     It insulates you from electricity.
   +Inv:      It lets you turn invisible.
   Will:      It decreases your willpower.
 Z - the ring "Vunn" {Drain rPois EV+5 Slay+3 Stlth+}
   (You took it off a deep elf sorcerer on level 3 of the Elven Halls)

   [ring of evasion]

   EV:        It affects your evasion (+5).
   Slay:      It affects your accuracy & damage with ranged weapons and melee
   (+3).
   rPois:     It protects you from poison.
   Drain:     It drains your maximum health when unequipped.
   Stlth:     It makes you more stealthy.
Wands
 u - a wand of digging (11)
 E - a wand of iceblast (20)
 W - a wand of quicksilver (19)
Scrolls
 l - a scroll of immolation
 m - 13 scrolls of teleportation
 n - 6 scrolls of silence
 o - 9 scrolls of noise
 w - 5 scrolls of blinking
 y - 6 scrolls of butterflies
 z - 10 scrolls of fog
 B - 8 scrolls of fear
 G - 19 scrolls of poison
 L - 6 scrolls of magic mapping
 O - 4 scrolls of amnesia
Potions
 a - 3 potions of magic
 b - 2 potions of resistance
 c - 6 potions of mutation
 d - 11 potions of brilliance
 e - 20 potions of curing
 g - a potion of heal wounds
 h - 5 potions of invisibility
 i - 7 potions of ambrosia
 j - 14 potions of might
 p - 7 potions of haste
 r - 6 potions of cancellation
 s - 8 potions of attraction
 x - 3 potions of berserk rage
 H - 9 potions of flight
 N - 8 potions of lignification
Miscellaneous
 f - a condenser vane
 q - a phantom mirror
 K - a phial of floods


   Skills:
 + Level 24.8 Fighting
 - Level 19.0 Dodging
 - Level 2.6 Stealth
 O Level 27 Unarmed Combat
 - Level 17.0 Spellcasting
 - Level 4.0 Hexes
 - Level 18.0 Summonings
 - Level 9.0 Translocations
 - Level 12.0 Transmutations
 - Level 5.3 Air Magic
 - Level 8.0 Earth Magic


You had 2 spell levels left.
You knew the following spells:

 Your Spells              Type           Power      Damage    Failure   Level
a - Irradiate             Conj/Tmut      19%        3d18      4%          5
b - Summon Hydra          Summ           35%        N/A       1%          7
c - Malign Gateway        Summ/Tloc      31%        N/A       6%          7
d - Summon Guardian Gole  Hex/Summ       55%        N/A       1%          3
e - Summon Lightning Spi  Summ/Air       57%        N/A       1%          4
f - Summon Cactus Giant   Summ           35%        N/A       1%          6
g - Summon Forest         Summ/Tloc      31%        N/A       1%          5
h - Statue Form           Tmut/Erth      35%        N/A       4%          6
i - Summon Mana Viper     Hex/Summ       55%        N/A       1%          5
j - Summon Horrible Thin  Summ           35%        N/A       8%          8

Your spell library contained the following spells:

 Spells                   Type           Power      Damage    Failure   Level
 Summon Small Mammal      Summ           100%       N/A       0%          1
 Call Imp                 Summ           71%        N/A       0%          2
 Wereblood                Tmut           58%        N/A       0%          2
 Apportation              Tloc           100%       N/A       1%          1
 Magic Dart               Conj           64%        1d6       1%          1
 Necrotise                Necr           64%        1d7       1%          1
 Sandblast                Erth           94%        2d19      1%          1
 Shock                    Conj/Air       100%       1d9       1%          1
 Blink                    Tloc           100%       N/A       1%          2
 Cigotuvi's Dreadful Rot  Necr/Pois/Air  46%        N/A       1%          2
 Ensorcelled Hibernation  Hex/Ice        48%        N/A       1%          2
 Lesser Beckoning         Tloc           100%       N/A       1%          2
 Momentum Strike          Conj/Tloc      66%        3d9       1%          2
 Passwall                 Tmut/Erth      44%        N/A       1%          2
 Poisonous Vapours        Pois/Air       52%        N/A       1%          2
 Static Discharge         Conj/Air       52%        2-5/arc   1%          2
 Sublimation of Blood     Necr           16%        N/A       2%          2
 Call Canine Familiar     Summ           71%        N/A       0%          3
 Confusing Touch          Hex            31%        N/A       1%          3
 Ignite Poison            Fire/Tmut/Pois 31%        N/A       1%          3
 Kindle Blastsparks       Fire/Tloc/Air  68%        2d15      1%          3
 Spider Form              Tmut/Pois      39%        N/A       1%          3
 Stone Arrow              Conj/Erth      62%        3d10      1%          3
 Swiftness                Air            36%        N/A       1%          3
 Tukima's Dance           Hex            31%        N/A       1%          3
 Vhi's Electric Charge    Tloc/Air       86%        N/A       1%          3
 Airstrike                Air            18%        2d(3-19)  1%          4
 Ice Form                 Ice/Tmut       39%        N/A       1%          4
 Leda's Liquefaction      Hex/Erth       19%        N/A       1%          4
 Passage of Golubria      Tloc           50%        N/A       1%          4
 Petrify                  Tmut/Erth      53%        N/A       1%          4
 Summon Ice Beast         Ice/Summ       50%        N/A       1%          4
 Lee's Rapid Deconstruct  Erth           23%        3d13*     1%          5
 Yara's Violent Unravell  Hex/Tmut       23%        3d10      1%          5
 Monstrous Menagerie      Summ           35%        N/A       1%          7
 Dazzling Flash           Conj/Hex       48%        N/A       2%          3
 Inner Flame              Hex/Fire       24%        N/A       2%          3
 Mephitic Cloud           Conj/Pois/Air  23%        N/A       2%          3
 Iskenderun's Mystic Bla  Conj/Tloc      33%        2d8       2%          4
 Cause Fear               Hex            15%        N/A       3%          4
 Alistair's Intoxication  Tmut/Pois      26%        N/A       4%          5
 Hailstorm                Conj/Ice       16%        3d6       5%          3
 Ozocubu's Armour         Ice            16%        N/A       5%          3
 Vampiric Draining        Necr           16%        2d7       5%          3
 Silence                  Hex/Air        17%        N/A       8%          5
 Anguish                  Hex/Necr       12%        N/A       9%          4
 Fulminant Prism          Conj/Hex       12%        3d8       9%          4
 Borgnjor's Vile Clutch   Necr/Erth      15%        N/A       11%         5
 Arcjolt                  Conj/Air       13%        1d23      19%         5
 Plasma Beam              Fire/Air       13%        2x1d17    19%         5
 Sticky Flame             Conj/Fire      16%        2d4       21%         4
 Metabolic Englaciation   Hex/Ice        12%        N/A       24%         5
 Eringya's Noxious Bog    Tmut/Pois      19%        N/A       26%         6
 Freezing Cloud           Conj/Ice/Air   11%        6-21      28%         5
 Spellforged Servitor     Conj/Summ      25%        N/A       41%         7
 Storm Form               Tmut/Air       24%        N/A       47%         7
 Agony                    Necr           16%        N/A       50%         5
 Conjure Ball Lightning   Conj/Air       13%        3x3d6     73%         6
 Starburst                Conj/Fire      8%         6d4       98%         6
 Enfeeble                 Hex            15%        N/A       98%         7
 Disjunction              Tloc           25%        N/A       98%         8
 Orb of Destruction       Conj           8%         9d6       100%        7
 Borgnjor's Revivificati  Necr           8%         N/A       100%        8
 Discord                  Hex            15%        N/A       100%        8
 Ignition                 Fire           8%         3d5       100%        8
 Lehudib's Crystal Spear  Conj/Erth      15%        10d5      100%        8
 Necromutation            Tmut/Necr      19%        N/A       100%        8
 Death's Door             Necr           8%         N/A       100%        9
 Polar Vortex             Ice            8%         N/A       100%        9
 Portal Projectile        Hex/Tloc       Unusable   N/A       N/A         3
 Animate Armour           Summ/Erth      Unusable   N/A       N/A         4
 Simulacrum               Ice/Necr       Unusable   N/A       N/A         6

Dungeon Overview and Level Annotations

Branches:
Dungeon (15/15)            Temple (1/1) D:7            Lair (5/5) D:10
 Shoals (4/4) Lair:2       Spider (4/4) Lair:3        Slime (5/5) Lair:5
    Orc (2/2) D:11            Elf (3/3) Orc:2        Vaults (4/5) D:14
  Crypt (3/3) Vaults:2       Tomb (0/3) Crypt:3      Depths (4/4) D:15
    Zot (5/5) Depths:4      Sewer (visited)         Ossuary (visited)
  IceCv (visited)

Altars:
Ashenzari
Cheibriados
Dithmenos
Elyvilon
Fedhas
Gozag
Hepliaklqana
Kikubaaqudgha
Makhleb
Nemelex Xobeh
Okawaru
Qazlal
Ru
Sif Muna
Trog
Uskayaw
Vehumet
Wu Jian
Xom
Yredelemnul
Zin
The Shining One
Jiyva
Lugonu

Shops:
D:4 [   D:7 *   D:10 !=:=:==:??   D:14 *   Orc:2 =?[[:   Elf:1 (   Elf:2 *[**[
Shoals:1 [   Depths:4 *

Portals:
Hell: Depths:1 Depths:2 Depths:3 Depths:4
Abyss: Depths:3
Pandemonium: Depths:1 Depths:2
Ziggurat: Depths:2
Trove: Vaults:3 (give 14 scrolls of teleportation)

Annotations:
D:3 1 runed translucent door, Crazy Yiuf
D:6 2 transporters, Jeffwins's ghost, novice HuWn
D:12 1 runed translucent door, DeathPants's ghost, journeyman VSFi
Lair:1 3 runed translucent doors, valliere's ghost, journeyman DsNe
Lair:4 1 runed translucent door
Shoals:2 1 exclusion
Orc:1 exclusion: oklob plant
Elf:2 3 runed translucent doors
Depths:3 3 runed translucent doors
Zot:1 exclusion: orb of fire
Zot:5 exclusion: upstairs


Innate Abilities, Weirdness & Mutations

You have sharp claws.
You have razor-sharp teeth.
You have supernaturally acute eyesight. (SInv)
You cover ground quickly. (Speed+)
Your thick and shaggy fur keeps you warm. (AC +3, rC+)
Your paws help you pounce on unaware monsters.
You are incapable of wielding weapons or throwing items.
You cannot wear armour.
You gain extra lives every three experience levels.
You have a pair of small antennae on your head.
You are frail. (-10% HP)
Your natural rate of healing is unusually fast.
You are weak. (Str -2)
You are vulnerable to cold. (rC-)
Your spells are a little easier to cast, but a little less powerful.
You expend magic power (3 MP) to strengthen your wands.
You have hidden genetic defects.


Message History

Press: ? - help, Shift-Dir - straight line You can't see that place.
You feel a surge of power!
The rock shatters into small pieces.
You feel yourself speed up.
Read: 7 scrolls of butterflies
Press: ? - help, Dir - look around, f - activate
As you read the scroll of butterflies, it crumbles to dust.
You hear the flapping of tiny wings.
Aiming: Dig
Press: ? - help, Shift-Dir - straight line You can't see that place.
You feel a surge of power!
The rock shatters into small pieces.
The Hell Sentinel closely misses your butterfly.
The Hell Sentinel hits your butterfly.
Your butterfly dies!
Your butterfly disappears in a burst of colours!
Unknown command.
You see here a +0 club.
(D) Dungeon (T) Temple (L) Lair (A) Shoals (N) Spider Nest (M) Slime Pits (O) Orcish Mines (E) Elven Halls (V) Vaults (C) Crypt (W) Tomb (U) Depths (H) Hell (Z) Zot
Where to? (Enter - D:1 @ (x,y), ? - help)
A Tzitzimitl comes into view.
The Tzitzimitl roars!
There is an open door here.
The Tzitzimitl gestures at you. The bolt of negative energy misses you.
You scratch the Tzitzimitl but do no damage.
Your bite misses the Tzitzimitl. You scratch the Tzitzimitl.
The Tzitzimitl is lightly wounded.
The Tzitzimitl closely misses you. The Tzitzimitl completely misses you.
The Tzitzimitl gestures at you. The bolt of negative energy misses you.
There is a staircase leading out of the dungeon here.
Okay, then.
The Tzitzimitl gestures at you. The bolt of negative energy misses you.
You have escaped!

######
#@.~P#
#..P~#
#~.♣~#
#♣1.P#
#P..♣#####
#♣≈..'...#
#~P.P###.#
#~~.P# #)#
###'## #.#


You could see a Tzitzimitl.

Vanquished Creatures
  A dread lich (Crypt:3)
  2 orbs of fire (Zot:5)
  Boris (Depths:3)
  4 Killer Klowns (Zot:5)
  3 curse toes
  6 golden dragons
  An electric golem (Zot:5)
  2 bone dragons
  9 tentacled monstrosities
  9 Orb Guardians
  A walking frostbound tome (Depths:4)
  5 quicksilver dragons
  A titan (Depths:3)
  12 acid blobs
  2 sphinxes (Depths:3)
  5 death cobs
  4 ancient champions
  3 tentacled starspawn
  A tengu reaver (Depths:3)
  11 storm dragons
  2 revenants
  4 draconian monks
  3 shadow dragons
  2 fire giants
  6 azure jellies
  A draconian knight (Zot:4)
  8 rockslimes
  An iron dragon (Depths:4)
  A balrug (Zot:3)
  A vault warden (Vaults:2)
  2 ghost moths
  A draconian shifter (Zot:4)
  5 draconian scorchers
  A draconian stormcaller (Zot:3)
  3 curse skulls
  3 ghouls
  9 quicksilver oozes
  A draconian annihilator (Zot:4)
  4 spriggan defenders (Depths:2)
  3 stone giants
  3 ironbound preservers (Vaults:2)
  An ironbound thunderhulk (Vaults:1)
  4 very ugly things
  A vampire knight (Depths:3)
  A caustic shrike skeleton (Crypt:3)
  8 green draconians
  An elemental wellspring (Shoals:2)
  A deep elf annihilator (Zot:3)
  5 purple draconians
  7 black draconians
  2 dire elephants (Vaults:1)
  5 yellow draconians
  A purple draconian (shapeshifter) (Zot:3)
  3 white draconians
  6 red draconians
  4 spark wasps
  3 eidola
  3 deep elf death magi
  A merfolk javelineer (Shoals:4)
  5 ettins
  A crystal guardian (Zot:3)
  2 deep elf high priests
  2 yaktaur captains
  Josephine (Orc:2)
  3 merfolk impalers (Shoals:4)
  7 jiangshi
  An entropy weaver (Vaults:2)
  3 fire dragons
  2 rakshasas (Zot:3)
  A vault guard (Vaults:2)
  4 great orbs of eyes
  2 spriggan air magi
  A merfolk avatar (Shoals:4)
  An ice dragon (Depths:4)
  3 merfolk aquamancers (Shoals:4)
  3 satyrs
  4 spriggan berserkers (Depths:2)
  A deep troll shaman (Depths:4)
  4 vampire magi
  2 deep troll earth magi
  A hell knight (Depths:3)
  2 deep elf knights
  2 sun demons (Shoals:1)
  A wretched star (Abyss:1)
  A pharaoh ant (Spider:4)
  A soul eater (Depths:2)
  2 iron trolls
  A sea snake (Shoals:1)
  3 skeletal warriors
  2 flayed ghosts
  5 deep trolls
  2 spriggan druids (Depths:2)
  2 deep elf pyromancers
  A bog body (Crypt:1)
  3 deep elf zephyrmancers
  A wizard (Depths:3)
  2 lindwurms (Vaults:4)
  A phantasmal warrior (Crypt:1)
  3 harpies
  A necromancer (Depths:3)
  A cyclops (Shoals:2)
  6 ugly things
  An oklob plant (Lair:2)
  A wolf spider (Spider:1)
  15 moths of wrath
  A worldbinder (Abyss:2)
  A large abomination (Abyss:1)
  5 nameless horrors
  A vault sentinel (Vaults:4)
  5 guardian serpents (Zot:3)
  A centaur zombie (Abyss:1)
  An eye of devastation (Slime:3)
  5 yaktaurs
  A freezing wraith (Vaults:2)
  A tormentor (Abyss:1)
  An ancient zyme (Abyss:1)
  A white draconian skeleton (Crypt:3)
  2 merfolk (Shoals:4)
  A troll (Orc:2)
  2 harpy zombies (Zot:3)
  A satyr zombie (Crypt:1)
  3 hornets (Depths:2)
  A blink frog (Abyss:1)
  6 raiju
  An alligator zombie (Crypt:1)
  25 slime creatures
  3 small abominations (Abyss:1)
  6 jumping spiders
  2 water elementals
  14 spriggans (Depths:2)
  2 ynoxinuls (Abyss:1)
  A culicivora (Spider:1)
  A vampire (Crypt:3)
  An air elemental (Elf:2)
  2 wraiths (Crypt:1)
  A human (D:14)
  A neqoxec (Abyss:2)
  A chaos spawn (Abyss:1)
  10 redbacks
  3 hell hounds
  A glowing shapeshifter zombie (Crypt:3)
  A floating eye (Depths:3)
  A naga skeleton (Abyss:1)
  A floating eye (shapeshifter) (D:15)
  5 boggarts (Zot:3)
  A torpor snail zombie (Crypt:2)
  A bullfrog (Lair:5)
  A wight (Abyss:1)
  3 electric eels
  13 starcursed masses (Abyss:1)
  A deep dwarf zombie (Crypt:3)
  A dart slug zombie (Crypt:1)
  A frilled lizard skeleton (Crypt:2)
  A jackal skeleton (Crypt:3)
  A quokka skeleton (Crypt:2)
  2 bushes (Depths:2)
  A fire vortex (Depths:3)
  A snaplasher vine (Zot:5)
  2 starspawn tentacles (Abyss:1)
471 creatures vanquished.

Vanquished Creatures (collateral kills)
  the Royal Jelly (Slime:5)
  Mara (Vaults:2)
  2 dread liches
  An orb of fire (Zot:5)
  Bai Suzhen (Shoals:4)
  Boris (Vaults:3)
  A Killer Klown (Zot:5)
  A curse toe (Zot:5)
  A golden dragon (Zot:1)
  Nikola (Shoals:1)
  A profane servitor (Crypt:3)
  Arachne (Spider:4)
  10 tentacled monstrosities
  Jorgrun (Orc:2)
  Zenata (Vaults:2)
  11 Orb Guardians (Zot:5)
  2 liches
  A deep elf blademaster (Elf:3)
  2 deep elf master archers (Elf:3)
  18 acid blobs
  4 death cobs
  4 ancient champions (Crypt:3)
  Frances (Spider:1)
  2 tentacled starspawn (Abyss:1)
  4 tengu reavers
  A shadow dragon (Zot:4)
  An eldritch tentacle (Vaults:3)
  2 storm dragons (Zot:3)
  3 draconian monks
  9 rockslimes
  4 azure jellies
  3 deep elf sorcerers (Elf:3)
  A draconian knight (Depths:4)
  16 vault wardens
  3 fire giants
  6 emperor scorpions (Spider:4)
  Louise (Spider:2)
  5 draconian scorchers
  4 curse skulls
  8 ghouls
  6 ghost moths
  2 frost giants
  3 draconian shifters
  6 deep elf elementalists (Elf:3)
  6 ironbound thunderhulks
  3 draconian stormcallers
  13 quicksilver oozes
  A spriggan defender (Depths:2)
  2 vampire knights (Crypt:3)
  2 war gargoyles
  The ghost of Aqenwou the Unseen, a journeyman GrWn of Dithmenos (D:15)
  6 stone giants
  2 reapers
  13 ironbound preservers
  3 draconian annihilators
  7 very ugly things
  3 green draconians
  5 deep elf demonologists
  6 dire elephants
  3 black draconians
  12 deep elf annihilators
  10 red draconians
  5 yellow draconians
  A spark wasp (shapeshifter) (Depths:4)
  8 white draconians
  A purple draconian (Zot:5)
  4 spark wasps
  Azrael (Spider:1)
  10 deep elf death magi
  4 fire dragons
  3 crystal guardians
  4 eidola
  3 merfolk javelineers
  4 ettins
  11 jiangshi
  8 yaktaur captains
  5 entropy weavers
  6 merfolk impalers
  3 deep elf high priests (Elf:3)
  3 great orbs of eyes
  4 rakshasas
  4 ice dragons (Depths:1)
  2 peacekeepers
  8 ironbound frosthearts
  13 vault guards
  A spriggan air mage (Depths:2)
  3 jorogumos
  7 hydras
  3 merfolk avatars
  2 catoblepae (Lair:5)
  18 centaur warriors
  2 ogre magi
  3 boulder beetles
  A merfolk aquamancer (Shoals:2)
  11 two-headed ogres
  4 death knights
  7 vampire magi
  12 dancing weapons
  2 deep troll shamans
  An alligator snapping turtle (Shoals:4)
  An Orb Guardian skeleton (Crypt:3)
  2 deep troll earth magi
  An orc high priest (Orc:1)
  6 tengu warriors
  6 hell knights
  Urug (Lair:1)
  4 sun demons
  A soul eater (Crypt:2)
  5 skysharks
  A sixfirhy (Depths:2)
  13 deep elf knights
  2 shadow wraiths
  A fire crab (Lair:3)
  11 iron trolls
  4 pharaoh ants
  26 skeletal warriors
  A salamander mystic (Depths:3)
  10 sea snakes
  A glowing orange brain (Depths:2)
  A golden dragon zombie (Crypt:1)
  15 deep elf archers
  8 orb spiders
  A shadow demon (Depths:2)
  44 deep trolls
  2 flayed ghosts
  3 bog bodies (Crypt:1)
  A steelbarb worm (Spider:1)
  3 sun moths
  5 phantasmal warriors
  5 wizards
  2 orc knights (D:15)
  6 necromancers
  16 ironbound convokers
  7 lindwurms
  8 harpies
  24 deep elf zephyrmancers
  12 deep elf pyromancers
  A fire giant zombie (Vaults:2)
  5 shining eyes
  22 ugly things
  7 fauns
  A sphinx skeleton (Vaults:3)
  3 salamanders (Depths:3)
  13 wolf spiders
  12 manticores
  6 moths of wrath
  A rust devil (Depths:2)
  12 elephants
  9 cyclopes
  9 merfolk sirens
  14 vault sentinels
  A fire giant skeleton (Crypt:1)
  6 black mambas
  A smoke demon (Depths:3)
  A guardian serpent (Zot:3)
  A torpor snail (Lair:3)
  4 demonic crawlers
  2 gargoyles (D:13)
  10 water nymphs
  20 cane toads
  A purple draconian zombie (Crypt:3)
  2 orange demons
  2 freezing wraiths
  2 komodo dragons
  An unseen horror (D:13)
  26 yaktaurs
  3 rime drakes
  An iron troll zombie (Crypt:2)
  An unseen horror skeleton (Crypt:1)
  An unseen horror zombie (Crypt:2)
  A tengu conjurer (Depths:2)
  2 ice devils (Lair:2)
  An anaconda simulacrum (Crypt:3)
  3 human skeletons
  2 polar bears
  2 wind drakes
  7 trolls
  2 harpy zombies (Crypt:3)
  A wind drake (shapeshifter) (Elf:1)
  21 tarantellas
  2 tyrant leeches (Lair:5)
  18 merfolk
  3 meliai (Spider:4)
  2 hornets
  24 blink frogs
  4 raiju
  4 dream sheep (Shoals:2)
  5 snapping turtles
  5 flying skulls (Crypt:1)
  An orc simulacrum (Crypt:3)
  62 slime creatures
  18 spriggans
  An air elemental (Elf:3)
  16 jumping spiders
  A shadow (D:13)
  3 vampires
  7 wraiths
  15 water elementals
  3 wyverns
  20 culicivoras
  32 yaks
  Eustachio (D:5)
  9 golden eyes
  19 humans
  2 basilisks
  7 fire elementals
  2 steam dragons (Lair:2)
  33 redbacks
  7 wargs
  28 vampire mosquitoes
  A two-headed ogre zombie (Crypt:2)
  An acid dragon (D:13)
  11 water moccasins
  2 floating eyes (Depths:3)
  A deep troll skeleton (Crypt:2)
  2 glowing shapeshifter skeletons (Vaults:3)
  3 hell hounds
  14 orc warriors
  4 sky beasts
  A black bear (Lair:1)
  A deep troll simulacrum (Vaults:2)
  2 ice beasts
  23 ogres
  4 great orb of eyes simulacra (IceCv)
  2 starcursed masses (Abyss:1)
  A boggart (Zot:3)
  5 wolves
  9 centaurs
  3 slime creature simulacra (IceCv)
  A salamander zombie (Crypt:1)
  A kobold brigand (D:8)
  19 bullfrogs
  An earth elemental (Elf:3)
  3 glowing shapeshifter simulacra (IceCv)
  6 necrophages
  A wyvern skeleton (Crypt:3)
  4 scorpions
  2 wights (Abyss:1)
  3 killer bees (D:8)
  A howler monkey (D:12)
  10 nameless horrors
  An electric eel (Lair:2)
  3 human zombies (Ossuary)
  3 hounds
  4 jellies
  2 quasits (Abyss:1)
  13 orc priests
  3 small abominations (Abyss:1)
  2 iguanas
  An iguana (shapeshifter) (Elf:1)
  Natasha (thrice) (D:2)
  16 orc wizards
  7 hell rats (Lair:4)
  A shapeshifter simulacrum (IceCv)
  A naga zombie (Crypt:1)
  4 mummies (Ossuary)
  9 adders
  5 gnolls
  4 river rats
  2 white imps (Abyss:1)
  3 ufetubi
  4 worms
  A dart slug (D:1)
  51 orcs
  6 bats
  13 endoplasms
  5 giant cockroaches
  7 goblins
  3 hobgoblins (D:1)
  4 jackals (D:3)
  17 kobolds
  5 quokkas
  8 ball pythons
  3 frilled lizards
  A gnoll zombie (Ossuary)
  3 goblin zombies (Ossuary)
  A hobgoblin zombie (Ossuary)
  2 jackal zombies (Ossuary)
  A kobold skeleton (Crypt:3)
  An orc zombie (Ossuary)
  12 rats
  A rat zombie (Ossuary)
  7 bushes (Depths:2)
  A butterfly (Zot:3)
  9 starspawn tentacles (Abyss:1)
  4 tentacles (Shoals:2)
1704 creatures vanquished.

Vanquished Creatures (others)
  An ancient lich (Zot:5)
  An Orb Guardian (Zot:5)
  A kraken (Shoals:2)
  A death cob (Zot:2)
  A shadow dragon (Zot:2)
  169 eldritch tentacles
  An azure jelly (IceCv)
  A draconian scorcher (Zot:1)
  A quicksilver ooze (IceCv)
  A vampire knight (Depths:3)
  An ironbound thunderhulk (Vaults:3)
  A green draconian (Zot:1)
  An ogre mage (Orc:2)
  A boulder beetle (D:15)
  3 two-headed ogres
  An orb spider (Spider:2)
  A wizard (D:14)
  2 deep elf zephyrmancers (Elf:2)
  4 oklob plants (Lair:5)
  A manticore (D:11)
  A cyclops (D:11)
  Joseph (D:10)
  A komodo dragon (D:6)
  An ice statue (IceCv)
  A yaktaur (Vaults:3)
  3 trolls
  A blink frog (Lair:4)
  3 slime creatures
  A centaur simulacrum (D:10)
  3 wraiths
  2 wyverns
  10 yaks
  2 vampire mosquitoes
  A redback (Spider:1)
  A steam dragon (D:8)
  A warg (D:10)
  2 acid dragons
  2 orc warriors
  A boggart (Zot:3)
  4 centaurs
  2 ogres
  A kobold brigand (D:7)
  2 gnoll sergeants (D:7)
  7 wights
  2 killer bees (D:8)
  3 orc priests
  A gnoll bouda (D:10)
  An iguana (D:5)
  2 orc wizards
  10 gnolls
  An ufetubus (Abyss:1)
  3 orcs
  50 bushes (Depths:2)
  23 fungi
  2 lurking horrors (Abyss:1)
  155 plants
  55 snaplasher vines
  11 starspawn tentacles
  5 tentacles (Shoals:2)
  24 withered plants (Crypt:3)
596 creatures vanquished.

Grand Total: 2771 creatures vanquished

Notes
Turn   | Place    | Note
-------+----------+-------------------------------------------
     0 | D:1      | bakla the Felid Summoner began the quest for the Orb.
     0 | D:1      | Reached XP level 1. HP: 7/7 MP: 4/4
     0 | D:1      | Upgraded the game from 0.30-a0-949-g53dc5368d7 to
                  | 0.30-a0-953-g5f1da4a474
   226 | D:1      | Reached XP level 2. HP: 12/12 MP: 3/6
   229 | D:1      | Learned a level 2 spell: Call Imp
   773 | D:1      | Reached skill level 1 in Fighting
  1359 | D:1      | Reached XP level 3. HP: 15/15 MP: 2/7
  1609 | D:1      | Learned a level 3 spell: Call Canine Familiar
  1644 | D:2      | Noticed Natasha
  1660 | D:2      | Killed Natasha
  1930 | D:2      | Reached XP level 4. HP: 19/19 MP: 0/8
  2022 | D:2      | Found a faded altar of an unknown god.
  2040 | D:2      | Noticed Natasha
  2050 | D:2      | Killed Natasha
  2376 | D:2      | Noticed Natasha
  2553 | D:2      | Killed Natasha
  2807 | D:2      | Reached XP level 5. HP: 22/22 MP: 4/10
  3390 | D:3      | Learned a level 3 spell: Summon Guardian Golem
  3932 | D:3      | Reached skill level 1 in Hexes
  4381 | D:3      | Found a runed translucent door.
  4382 | D:3      | Noticed Crazy Yiuf
  4817 | D:4      | Reached skill level 5 in Summonings
  4817 | D:4      | Gained mutation: You are covered in thick fur. (AC +2)
                  | [Felid growth]
  4817 | D:4      | Reached XP level 6. HP: 27/27 MP: 6/11
  5037 | D:4      | Found Hiust's Armour Shop.
  5165 | D:4      | Found a glowing drain.
  5215 | Sewer    | Entered a sewer
  5249 | Sewer    | Reached skill level 5 in Dodging
  5706 | Sewer    | Found a viscous altar of Jiyva.
  6189 | D:4      | Reached XP level 7. HP: 31/31 MP: 5/12
  6931 | D:4      | Identified a scroll of acquirement
  6931 | D:4      | Acquired 866 gold pieces
  6956 | D:5      | Entered Level 5 of the Dungeon
  7143 | D:5      | Reached skill level 1 in Air Magic
  7334 | D:5      | Found a sand-covered staircase.
  7345 | Ossuary  | Entered an ossuary
  7483 | Ossuary  | Reached XP level 8. HP: 36/36 MP: 3/14
  7716 | Ossuary  | Acquired 1120 gold pieces
  7879 | D:5      | Learned a level 4 spell: Summon Lightning Spire
  7975 | D:5      | Noticed Eustachio
  8952 | D:5      | Killed Eustachio
  9551 | D:6      | Reached skill level 5 in Fighting
  9627 | D:6      | Found a transporter.
  9631 | D:6      | Noticed a komodo dragon
  9668 | D:6      | Killed a komodo dragon
  9811 | D:6      | Found a transporter.
  9837 | D:6      | Noticed Jeffwins's ghost (novice HuWn)
 10340 | D:6      | Reached XP level 9. HP: 40/40 MP: 8/17
 11079 | D:7      | Found Fenefew's General Store.
 11238 | D:7      | Reached skill level 5 in Spellcasting
 12099 | D:7      | Found a staircase to the Ecumenical Temple.
 12108 | Temple   | Entered the Ecumenical Temple
 12401 | Temple   | Became a worshipper of Gozag Ym Sagoz the Greedy
 13893 | D:8      | Reached XP level 10. HP: 47/47 MP: 3/18
 14400 | D:9      | Reached skill level 10 in Dodging
 15239 | D:10     | Entered Level 10 of the Dungeon
 15599 | D:10     | Noticed Joseph
 15610 | D:10     | Killed Joseph
 15689 | D:10     | Found a staircase to the Lair.
 15857 | D:10     | Reached skill level 1 in Transmutations
 15915 | D:10     | Reached XP level 11. HP: 52/52 MP: 18/21
 16416 | D:10     | Found a hide-covered altar of Uskayaw.
 16757 | D:11     | Noticed a two-headed ogre
 16796 | D:11     | Killed a two-headed ogre
 17031 | D:11     | Noticed a two-headed ogre
 17041 | D:11     | Killed a two-headed ogre
 17042 | D:11     | Reached skill level 5 in Air Magic
 17051 | D:11     | Noticed a two-headed ogre
 17087 | D:11     | Killed a two-headed ogre
 17273 | D:11     | Found a staircase to the Orcish Mines.
 17800 | D:10     | Bought a book of the Wilderness for 456 gold pieces
 17807 | D:10     | Learned a level 6 spell: Summon Cactus Giant
 17822 | Lair:1   | Entered Level 1 of the Lair of Beasts
 17897 | Lair:1   | Noticed Urug
 17914 | Lair:1   | Killed Urug
 18026 | Lair:1   | Noticed a minotaur
 18029 | Lair:1   | Noticed valliere's ghost (journeyman DsNe)
 18529 | Lair:1   | Reached skill level 10 in Fighting
 18807 | Lair:1   | Found a runed translucent gate.
 18808 | Lair:1   | Found a runed translucent gate.
 18809 | Lair:1   | Found a runed translucent gate.
 19326 | Lair:2   | Noticed a five-headed hydra
 19327 | Lair:2   | Noticed an oklob plant
 19337 | Lair:2   | Killed a five-headed hydra
 19338 | Lair:2   | Gained mutation: Your thick and shaggy fur keeps you warm.
                  | (AC +3, rC+) [Felid growth]
 19338 | Lair:2   | Reached XP level 12. HP: 58/58 MP: 11/23
 19500 | Lair:2   | Reached skill level 10 in Summonings
 19543 | Lair:2   | Found a frozen archway.
 19555 | IceCv    | Entered an ice cave
 19757 | IceCv    | Noticed a quicksilver ooze
 19766 | IceCv    | Killed a quicksilver ooze
 20777 | IceCv    | Noticed a quicksilver ooze
 20783 | IceCv    | Killed a quicksilver ooze
 20783 | IceCv    | Noticed an azure jelly
 20788 | IceCv    | Killed an azure jelly
 21055 | IceCv    | Found a viscous altar of Jiyva.
 21071 | IceCv    | Identified the ring "Epustozo" {MP+9 Int+5}
 21879 | Lair:2   | Learned a level 5 spell: Summon Forest
 22289 | Lair:2   | Found a staircase to the Shoals.
 22595 | Lair:3   | Noticed a five-headed hydra
 22603 | Lair:3   | Killed a five-headed hydra
 22604 | Lair:3   | Reached XP level 13. HP: 63/63 MP: 13/26
 22619 | Lair:3   | Reached skill level 15 in Dodging
 23460 | Lair:3   | Found a hole to the Spider Nest.
 25238 | Lair:4   | Found a runed translucent door.
 25409 | Lair:5   | Entered Level 5 of the Lair of Beasts
 25537 | Lair:5   | Found a staircase to the Slime Pits.
 25537 | Lair:5   | Found a viscous altar of Jiyva.
 25987 | Lair:5   | Reached skill level 1 in Translocations
 26506 | Lair:5   | Reached XP level 14. HP: 67/70 MP: 27/28
 29103 | D:10     | Learned a level 6 spell: Statue Form
 29385 | D:12     | Found a runed translucent door.
 29389 | D:12     | Identified the +4 trident of Might {heavy, Fragile rC+
                  | Str+4}
 29392 | D:12     | Noticed DeathPants's ghost (journeyman VSFi)
 29879 | D:12     | Reached skill level 1 in Earth Magic
 30761 | D:13     | Reached skill level 5 in Transmutations
 30772 | D:13     | Reached skill level 10 in Spellcasting
 31970 | D:10     | Bought the ring "Zymmao" {rPois rC+ Will+++ Dex+3 Slay-6}
                  | for 724 gold pieces
 31991 | Orc:1    | Entered Level 1 of the Orcish Mines
 32842 | Orc:2    | Entered Level 2 of the Orcish Mines
 32842 | Orc:2    | Found Seganina's Antique Armour Boutique.
 32953 | Orc:2    | Found a staircase to the Elven Halls.
 32957 | Orc:2    | Noticed Josephine
 32967 | Orc:2    | Killed Josephine
 32978 | Orc:2    | Noticed Jorgrun
 33147 | Orc:2    | Reached XP level 15. HP: 46/75 MP: 4/30
 33154 | Orc:2    | Found Woly's Antique Armour Emporium.
 33159 | Orc:2    | Found Zaesuc's Magic Scroll Shop.
 33160 | Orc:2    | Found Nufeck's Jewellery Shop.
 33509 | Orc:2    | Killed Jorgrun
 34047 | Orc:2    | Bought a scroll of blinking for 75 gold pieces
 34092 | Orc:2    | Found Malaselo's Book Boutique.
 34095 | Orc:2    | Bought a book of Blood for 364 gold pieces
 34588 | D:14     | Slain by a tengu warrior
 34589 | D:14     | Reached XP level 14. HP: 0/72 MP: 38/38
 34879 | D:14     | Reached skill level 5 in Earth Magic
 35292 | D:14     | Found Yruoga's Serpentskin Sales.
 36029 | D:14     | Reached skill level 15 in Fighting
 36242 | D:14     | Found a gate to the Vaults.
 36429 | D:15     | Entered Level 15 of the Dungeon
 36814 | D:15     | Paralysed by a floating eye for 2 turns
 36847 | D:15     | Reached XP level 15. HP: 77/77 MP: 25/30
 37187 | D:15     | Reached skill level 10 in Transmutations
 37341 | D:15     | Identified the staff of air "Gufidgh" {*Slow rElec rF+
                  | rCorr Dex+4}
 37369 | D:15     | Noticed Aqenwou's ghost (journeyman GrWn)
 37370 | D:15     | Found a runed translucent gate.
 37370 | D:15     | Found a runed translucent gate.
 37374 | D:15     | Found a runed translucent gate.
 37430 | D:15     | Found an ornate altar of the Wu Jian Council.
 37518 | D:15     | Found a staircase to the Depths.
 38156 | D:15     | Killed Aqenwou's ghost
 38339 | D:15     | Identified the amulet "Qishrips" {Reflect Harm rElec rCorr
                  | SH+5}
 38463 | D:14     | Upgraded the game from 0.30-a0-953-g5f1da4a474 to
                  | 0.30-a0-956-gcec3b41aec
 38766 | Spider:1 | Entered Level 1 of the Spider Nest
 38766 | Spider:1 | Noticed Azrael
 38780 | Spider:1 | Killed Azrael
 39187 | D:10     | Bought a scroll of poison for 56 gold pieces
 39187 | D:10     | Bought a scroll of fear for 56 gold pieces
 39187 | D:10     | Bought a scroll of fear for 56 gold pieces
 39400 | Spider:1 | Noticed Frances
 39414 | Spider:1 | Killed Frances
 40473 | Spider:2 | Noticed Louise
 40497 | Spider:2 | Killed Louise
 43219 | Spider:4 | Entered Level 4 of the Spider Nest
 43226 | Spider:4 | Reached XP level 16. HP: 83/83 MP: 27/31
 43228 | Spider:4 | Noticed Arachne
 43470 | Spider:4 | Killed Arachne
 45537 | Spider:4 | Got a gossamer rune of Zot
 45769 | D:10     | Bought Mast's Quarto of Forms and the Jinx for 330 gold
                  | pieces
 45769 | D:10     | Bought a manual of Fighting for 880 gold pieces
 45776 | D:10     | Learned a level 5 spell: Irradiate
 45899 | Shoals:1 | Entered Level 1 of the Shoals
 46208 | Shoals:1 | Found Hostrag's Antique Armour Emporium.
 47027 | Shoals:1 | Noticed Nikola
 47039 | Shoals:1 | Killed Nikola
 48069 | Shoals:2 | Reached XP level 17. HP: 90/90 MP: 21/34
 48999 | Shoals:2 | Noticed a kraken
 49063 | Shoals:2 | Learned a level 7 spell: Summon Hydra
 49091 | Shoals:2 | Killed a kraken
 50606 | Shoals:4 | Entered Level 4 of the Shoals
 51405 | Shoals:4 | Got a barnacled rune of Zot
 51513 | Shoals:4 | Identified the staff of fire "Buotuo" {rF+ rC+}
 52121 | Shoals:4 | Noticed Bai Suzhen
 52291 | Shoals:4 | Identified the +1 scimitar of Resumed Hostilities {freeze,
                  | +Blink rElec Will+ Str-4}
 52541 | Shoals:4 | Killed Bai Suzhen
 53069 | Elf:1    | Entered Level 1 of the Elven Halls
 53716 | Elf:1    | Reached XP level 18. HP: 98/98 MP: 11/36
 54056 | Elf:1    | Found a radiant altar of Vehumet.
 54058 | Elf:1    | Found Loleik's Weapon Shoppe.
 55145 | Elf:2    | Found Caaf's General Store.
 55148 | Elf:2    | Bought a potion of heal wounds for 95 gold pieces
 55148 | Elf:2    | Bought a scroll of poison for 76 gold pieces
 55246 | Elf:2    | Found Zyotum Soafy's Antique Armour Emporium.
 55493 | Elf:2    | Learned a level 5 spell: Summon Mana Viper
 56018 | Elf:2    | Found Fiolum's Antique Armour Shoppe.
 56031 | Elf:2    | Paralysed by an air elemental for 1 turns
 56274 | Elf:2    | Found Neypnao's Specific Store.
 56274 | Elf:2    | Found Ireoq's General Store.
 56275 | Elf:2    | Found a runed translucent gate.
 56275 | Elf:2    | Found a runed translucent gate.
 56286 | Elf:2    | Bought 2 scrolls of butterflies for 80 gold pieces
 56302 | Elf:2    | Found a runed translucent gate.
 56815 | Elf:3    | Entered Level 3 of the Elven Halls
 57231 | Elf:3    | Gained mutation: You are frail. (-10% HP) [mutagenic glow]
 57236 | Elf:3    | Lost mutation: You are frail. (-10% HP) [potion of
                  | mutation]
 57236 | Elf:3    | Gained mutation: Your system is resistant to poisons.
                  | (rPois) [potion of mutation]
 57236 | Elf:3    | Gained mutation: Your natural rate of healing is unusually
                  | fast. [potion of mutation]
 57550 | Elf:3    | Identified the +2 chain mail of Grace {Str+4}
 57550 | Elf:3    | Identified the amulet of the Shining Light {Faith +Inv
                  | rElec Will-}
 57550 | Elf:3    | Identified the staff of cold "Kesepsot" {rC+ Will+++ Str+2
                  | Dex-3}
 57550 | Elf:3    | Found the ring of the Octopus King {HP+2 MP+9 AC+2 EV+2
                  | SH+2}
 57970 | Elf:3    | Noticed a Hell Sentinel
 57976 | Elf:3    | Identified the ring "Vunn" {Drain rPois EV+5 Slay+3 Stlth+}
 58264 | Elf:3    | Reached skill level 15 in Spellcasting
 59191 | Elf:3    | Noticed a Tzitzimitl
 59470 | Elf:3    | Identified the amulet "Raderot" {Acrobat rPois rC- rN+}
 59649 | Elf:3    | Got Ihouq's Quarto of Maledictive Chilblains
 59653 | Elf:3    | Identified the staff of poison "Summuuruaj" {rPois rN++
                  | Will+ Stlth+}
 59837 | Elf:3    | Learned a level 7 spell: Malign Gateway
 60107 | Vaults:1 | Entered Level 1 of the Vaults
 60409 | Vaults:1 | Reached XP level 19. HP: 104/104 MP: 6/39
 60533 | Vaults:1 | Reached skill level 5 in Translocations
 61534 | Vaults:1 | You fall into a shaft and drop 1 floor!
 61543 | Vaults:2 | Reached skill level 15 in Summonings
 63831 | Vaults:2 | Noticed Mara
 63836 | Vaults:2 | Noticed bakla's illusion
 63853 | Vaults:2 | Noticed bakla's illusion
 63856 | Vaults:2 | Killed Mara
 64068 | Vaults:2 | Found a staircase to the Crypt.
 64116 | Vaults:2 | Noticed Zenata
 64131 | Vaults:2 | Killed Zenata
 64532 | Vaults:2 | Reached XP level 20. HP: 52/108 MP: 31/42
 64534 | Vaults:2 | Identified the staff of fire "Rum Runi" {rF+ rC+ Str+5
                  | Int+2 Dex-4}
 65368 | Vaults:3 | Found a portal to a secret trove of treasure.
 65511 | Vaults:3 | Noticed Boris
 65522 | Vaults:3 | Killed Boris
 65816 | Vaults:3 | Reached skill level 1 in Unarmed Combat
 65935 | Vaults:3 | Reached skill level 2 in Unarmed Combat
 65996 | Vaults:3 | Reached skill level 3 in Unarmed Combat
 66520 | Vaults:3 | Reached skill level 4 in Unarmed Combat
 66798 | Vaults:3 | Reached skill level 5 in Unarmed Combat
 67278 | Vaults:4 | Reached skill level 6 in Unarmed Combat
 67447 | Vaults:4 | Reached skill level 7 in Unarmed Combat
 67590 | Vaults:4 | Reached skill level 8 in Unarmed Combat
 68246 | Vaults:4 | Reached skill level 9 in Unarmed Combat
 68780 | Crypt:1  | Entered Level 1 of the Crypt
 69014 | Crypt:1  | Reached skill level 10 in Unarmed Combat
 69323 | Crypt:1  | Reached skill level 11 in Unarmed Combat
 69408 | Crypt:1  | Reached XP level 21. HP: 112/112 MP: 35/43
 69885 | Crypt:2  | Reached skill level 12 in Unarmed Combat
 70764 | Crypt:3  | Entered Level 3 of the Crypt
 71190 | Crypt:3  | Reached skill level 13 in Unarmed Combat
 71251 | Crypt:3  | Noticed a dread lich
 71256 | Crypt:3  | Killed a dread lich
 71462 | Crypt:3  | Reached skill level 14 in Unarmed Combat
 71611 | Crypt:3  | Noticed a profane servitor
 71616 | Crypt:3  | Noticed a dread lich
 71617 | Crypt:3  | Killed a profane servitor
 71627 | Crypt:3  | Found a staircase to the Tomb.
 71646 | Crypt:3  | Reached skill level 15 in Unarmed Combat
 71975 | Crypt:3  | Killed a dread lich
 72301 | Crypt:3  | Found a basalt altar of Yredelemnul.
 72304 | Crypt:3  | Found an ancient bone altar of Kikubaaqudgha.
 72305 | Crypt:3  | Found the +8 demon blade "Leech" {evervamp, Harm Drain rN+}
 72383 | Crypt:3  | Identified the +3 leather armour of Asimuy {rC+}
 73196 | D:10     | Bought a scroll of teleportation for 42 gold pieces
 73196 | D:10     | Bought a scroll of fog for 56 gold pieces
 73196 | D:10     | Bought a scroll of fog for 56 gold pieces
 73215 | D:10     | Bought the amulet "Gedghiur" {Spirit Regen+ Dex+8 Slay-2}
                  | for 908 gold pieces
 73233 | D:10     | Bought a potion of resistance for 130 gold pieces
 73233 | D:10     | Bought a potion of haste for 130 gold pieces
 73327 | Depths:1 | Entered Level 1 of the Depths
 73347 | Depths:1 | Reached skill level 16 in Unarmed Combat
 74032 | Depths:1 | Found a gateway to Hell.
 74354 | Depths:1 | Found a one-way gate leading to the halls of Pandemonium.
 74549 | Depths:1 | Found an ornate altar of the Wu Jian Council.
 74771 | Orc:2    | Bought a scroll of teleportation for 30 gold pieces
 74771 | Orc:2    | Bought a scroll of magic mapping for 75 gold pieces
 74924 | Depths:2 | Reached XP level 22. HP: 117/117 MP: 44/44
 74971 | Depths:2 | Reached skill level 17 in Unarmed Combat
 75687 | Depths:2 | Found a one-way gateway to a ziggurat.
 75689 | Depths:2 | Found a radiant altar of Vehumet.
 75769 | Depths:2 | Reached skill level 18 in Unarmed Combat
 75769 | Depths:2 | Reached XP level 23. HP: 121/121 MP: 45/45
 76588 | Depths:2 | Identified the scarf "Imecelle" {+Inv, Harm}
 76668 | Depths:3 | Found a runed translucent door.
 76682 | Depths:3 | Paralysed by a floating eye for 2 turns
 76689 | Depths:3 | Paralysed by a floating eye for 2 turns
 76693 | Depths:3 | Reached skill level 19 in Unarmed Combat
 76892 | Depths:3 | Found a runed translucent door.
 76892 | Depths:3 | Found a runed translucent door.
 76949 | Depths:3 | Found a runed translucent door.
 77043 | Depths:3 | Noticed Boris
 77343 | Depths:3 | You fall into a shaft and drop 1 floor!
 77343 | Depths:4 | Entered Level 4 of the Depths
 77562 | Depths:3 | Killed Boris
 78117 | Depths:3 | Reached skill level 20 in Unarmed Combat
 78159 | Depths:3 | Found a one-way gate to the infinite horrors of the Abyss.
 78164 | Depths:3 | Identified the +0 leather armour of the Blizzard {rPois
                  | Int+3 SInv}
 78390 | Depths:3 | Identified the +6 demon whip of Bawanon {drain, Str+5
                  | Stlth+}
 78634 | Depths:3 | Found a shimmering altar of Xom.
 78635 | Depths:3 | Found a shimmering altar of Xom.
 78635 | Depths:3 | Found a shimmering altar of Xom.
 78635 | Depths:3 | Found a shimmering altar of Xom.
 78712 | Depths:3 | Found a shimmering altar of Xom.
 78811 | Depths:4 | Found Itimeph's Assorted Antiques.
 78826 | Depths:4 | Bought a potion of haste for 490 gold pieces
 78826 | Depths:4 | Bought 2 scrolls of magic mapping for 735 gold pieces
 78826 | Depths:4 | Bought a potion of curing for 147 gold pieces
 79164 | Depths:4 | Found a gate to the Realm of Zot.
 79321 | Depths:4 | Reached skill level 21 in Unarmed Combat
 80117 | Depths:3 | Voluntarily entered the Abyss.
 80123 | Abyss:1  | Found a corrupted altar of Lugonu.
 80901 | Abyss:1  | Reached XP level 24. HP: 126/126 MP: 18/45
 80918 | Abyss:1  | Paralysed by accursed screaming for 1 turns
 81039 | Depths:3 | Escaped the Abyss
 81328 | Slime:1  | Entered Level 1 of the Pits of Slime
 81332 | Slime:1  | Gained mutation: You are clumsy. (Dex -2) [a shining eye]
 81463 | Slime:1  | You fall into a shaft and drop 1 floor!
 81472 | Slime:2  | Reached skill level 22 in Unarmed Combat
 82371 | Slime:2  | Gained mutation: You are frail. (-10% HP) [a shining eye]
 82372 | Slime:2  | Gained mutation: You occasionally shout uncontrollably at
                  | your foes. [a shining eye]
 82730 | Slime:3  | Gained mutation: Your spells are a little easier to cast,
                  | but a little less powerful. [a shining eye]
 82731 | Slime:3  | Gained mutation: You are dopey. (Int -2) [a shining eye]
 82732 | Slime:3  | Lost mutation: Your natural rate of healing is unusually
                  | fast. [a shining eye]
 83222 | Slime:4  | Gained mutation: You are vulnerable to cold. (rC-) [a
                  | shining eye]
 83226 | Slime:4  | Gained mutation: Your body sometimes deteriorates upon
                  | taking damage. [a shining eye]
 84558 | Slime:5  | Entered Level 5 of the Pits of Slime
 84611 | Slime:5  | Reached skill level 23 in Unarmed Combat
 85014 | Slime:5  | Noticed the Royal Jelly
 86069 | Slime:5  | Killed the Royal Jelly
 86968 | Slime:5  | Got the Anthology of Hapless Permutations
 86971 | Slime:5  | Identified the +3 great mace of Ypneyrikkue {holy, rCorr}
 86996 | Slime:5  | Identified the staff of poison "Ehoxtu" {rElec rPois rN++
                  | rCorr}
 87033 | Slime:5  | Got a slimy rune of Zot
 87314 | Slime:1  | HP: 2/112 [eldritch tentacle[the player character] (17)]
 88007 | Zot:1    | Entered Level 1 of the Realm of Zot
 88017 | Zot:1    | Learned a level 8 spell: Summon Horrible Things
 88017 | Zot:1    | Lost mutation: Your body sometimes deteriorates upon taking
                  | damage. [potion of mutation]
 88017 | Zot:1    | Lost mutation: You are vulnerable to cold. (rC-) [potion of
                  | mutation]
 88017 | Zot:1    | Gained mutation: Your skin changes colour to match your
                  | surroundings (Stealth+). [potion of mutation]
 88018 | Zot:1    | Lost mutation: Your spells are a little easier to cast, but
                  | a little less powerful. [potion of mutation]
 88018 | Zot:1    | Lost mutation: You occasionally shout uncontrollably at
                  | your foes. [potion of mutation]
 88018 | Zot:1    | Lost mutation: Your skin changes colour to match your
                  | surroundings (Stealth+). [potion of mutation]
 88018 | Zot:1    | Gained mutation: Your flesh is heat resistant. (rF+)
                  | [potion of mutation]
 88085 | Zot:1    | Killed from afar by a yellow draconian annihilator
 88086 | Zot:1    | Reached XP level 23. HP: -34/110 MP: 0/54
 88201 | Zot:1    | Reached skill level 24 in Unarmed Combat
 88201 | Zot:1    | Noticed a curse toe
 88214 | Zot:1    | Killed a curse toe
 88740 | Zot:1    | Noticed an orb of fire
 89521 | Zot:2    | Noticed a curse toe
 89533 | Zot:2    | Reached XP level 24. HP: 95/113 MP: 5/45
 89547 | Zot:1    | Reached skill level 25 in Unarmed Combat
 91813 | Zot:3    | Reached skill level 26 in Unarmed Combat
 93207 | Zot:3    | Gained mutation: You are very frail. (-20% HP) [mutagenic
                  | glow]
 93601 | Zot:3    | Found a corrupted altar of Lugonu.
 93679 | Zot:3    | Reached skill level 27 in Unarmed Combat
 95002 | Zot:4    | Noticed an orb of fire
 95109 | Zot:5    | Entered Level 5 of the Realm of Zot
 95851 | Zot:5    | Reached XP level 25. HP: 102/102 MP: 22/45
 96230 | Zot:5    | Noticed an ancient lich
 96246 | Zot:5    | Killed an ancient lich
 96251 | Zot:5    | Noticed a dread lich
 96258 | Zot:5    | Killed a dread lich
 96390 | Zot:5    | Noticed a Killer Klown
 96397 | Zot:5    | Noticed a Killer Klown
 96404 | Zot:5    | Noticed an orb of fire
 96413 | Zot:5    | Killed a Killer Klown
 96415 | Zot:5    | Noticed an orb of fire
 96416 | Zot:5    | Gained mutation: You are extremely frail. (-30% HP) [an orb
                  | of fire]
 96417 | Zot:5    | Killed an orb of fire
 96426 | Zot:5    | Noticed a Killer Klown
 96461 | Zot:5    | Killed a Killer Klown
 96694 | Zot:5    | Lost mutation: You are dopey. (Int -2) [potion of mutation]
 96694 | Zot:5    | Lost mutation: Your system is resistant to poisons. (rPois)
                  | [potion of mutation]
 96694 | Zot:5    | Lost mutation: You are clumsy. (Dex -2) [potion of
                  | mutation]
 96695 | Zot:5    | Lost mutation: You are extremely frail. (-30% HP) [potion
                  | of mutation]
 96695 | Zot:5    | Lost mutation: Your flesh is heat resistant. (rF+) [potion
                  | of mutation]
 96695 | Zot:5    | Lost mutation: You are very frail. (-20% HP) [potion of
                  | mutation]
 96695 | Zot:5    | Gained mutation: You expend magic power (3 MP) to
                  | strengthen your wands. [potion of mutation]
 96695 | Zot:5    | Gained mutation: Your natural rate of healing is unusually
                  | fast. [potion of mutation]
 96695 | Zot:5    | Gained mutation: You have hidden genetic potential. [potion
                  | of mutation]
 96782 | Zot:5    | Killed an orb of fire
 96785 | Zot:5    | Killed a Killer Klown
 96994 | Zot:5    | Noticed a Killer Klown
 96995 | Zot:5    | Killed a Killer Klown
 96999 | Zot:5    | Noticed an orb of fire
 97001 | Zot:5    | Gained mutation: You have a pair of small antennae on your
                  | head. [an orb of fire]
 97006 | Zot:5    | Killed an orb of fire
 97278 | Zot:5    | Noticed a Killer Klown
 97296 | Zot:5    | Gained mutation: Your spells are a little easier to cast,
                  | but a little less powerful. [mutagenic glow]
 97300 | Zot:5    | Killed a Killer Klown
 97301 | Zot:5    | Lost mutation: You have hidden genetic potential.
                  | [mutagenic glow]
 97350 | Zot:5    | Gained mutation: You are weak. (Str -2) [mutagenic glow]
 97955 | Zot:5    | Got the Orb of Zot
 97994 | Zot:5    | Noticed an orb of fire
 97994 | Zot:5    | Gained mutation: You have hidden genetic defects. [an orb
                  | of fire]
 97997 | Zot:5    | Gained mutation: You are vulnerable to cold. (rC-) [an orb
                  | of fire]
 98254 | D:13     | Noticed Koer the pandemonium lord
 98254 | D:13     | Noticed an ancient lich
 98624 | D:$      | Escaped with the Orb!

Illustrated notes

Levels and vault maps discovered:
D:1:      tarquinn_simple_flora_water_f, layout_loops_cross,
          chequers_serial_rivers_small_3
D:2:      layout_loops_corners, ebering_ecumenical_altar_webs, uniq_natasha
D:3:      layout_loops_ring, uniq_crazy_yiuf_cottage
D:4:      layout_basic, gup_sewer_entry_bubbles, serial_shops, shop,
          st_stairs_1, minmay_liquid_box
D:5:      layout_layer_cave, nicolae_ossuary_entry_monument, uniq_eustachio
D:6:      layout_gridville, gammafunk_ghost_stat_death, hangedman_decor_lopped
D:7:      layout_loops_corners, temple_hall, serial_shops, shop_coins
D:8:      layout_gridville
D:9:      layout_cave_pods, due_unseen_surprise
D:10:     layout_loops_ring, mainiacjoe_overflow_catwalk, lair_entry_dummy,
          minmay_misc_feat_iff, grunt_decor_one_mirror,
          amcnicky_mini_pool_medium, uniq_joseph
D:11:     layout_basic, erik_orc_4, serial_glass, glass_columns_c,
          glass_columns_c
D:12:     layout_long_grid, ebering_ghost_funeral_grove
D:13:     layout_cave_pools, kennysheep_generic_room_3
D:14:     layout_loops_ring, grunt_vaults_entry_tiered, minmay_fountain_box,
          guppyfry_shop_venom
D:15:     hangedman_depths_entry_civil_slaughter, layout_cave_pools,
          gammafunk_ghost_split, serial_glass, glass_columns_a, glass_columns_c,
          glass_columns_c, glass_columns_c, lemuel_doored_altar
Temple:   mainiacjoe_temple_trianglar_array
Lair:1:   kb_forest_paths, layout_regular_city, maelrawn_ghost_gauntlet_escape,
          uniq_urug
Lair:2:   layout_regular_city, elwin_shoals_entry_rooms,
          portal_ice_cave_demonic_guard, nicolae_quartered_pool_impasse,
          infiniplex_staircase_pool_2, grunt_megastairs_5
Lair:3:   layout_chaotic_city, hellmonk_spider_entry_life_and_decay,
          grunt_megastairs_1, infiniplex_staircase_pool
Lair:4:   layout_cave_pods, pf_torpor_hydra
Lair:5:   minmay_lair_end_frog_pond, layout_regular_city,
          minmay_slime_entry_oklob_open, lemuel_fruit_tree
Shoals:1: layout_shoals, serial_shops, nicolae_square_shop,
          nicolae_shoals_sun_and_surf, uniq_nikola
Shoals:2: layout_shoals, nicolae_shoals_raging_river
Shoals:3: layout_shoals, abandoned_shop
Shoals:4: shoals_end_simple, layout_shoals, uniq_bai_suzhen
Spider:1: layout_spider_delve, uniq_azrael, uniq_frances
Spider:2: layout_spider_delve, uniq_louise
Spider:3: layout_chambers
Spider:4: guppyfry_spider_rune, uniq_arachne
Slime:1:  layout_caves
Slime:2:  layout_caves, cheibrodos_slime_lost_civilization_4
Slime:3:  layout_caves
Slime:4:  cheibrodos_slime_lost_civilization_1, layout_caves
Slime:5
Orc:1:    layout_diamond_mine, basic_altar, mines3_lemuel
Orc:2:    st_orc_open, layout_caves, serial_shops, nicolae_shop_window_shopping,
          uniq_jorgrun, uniq_josephine
Elf:1:    eino_elf_arrival_the_gate, layout_loops_cross, serial_shops,
          nicolae_shop_trees, basic_altar, hangedman_elf_represent, st_stairs_8
Elf:2:    nicolae_elf_blades_splatter_lattice
          [nicolae_blade_entry_floor_patterns], layout_onion_city, serial_shops,
          nicolae_stop_n_shop_2, nicolae_diamond_shop,
          nicolae_shop_hallway_plus, grunt_ministairs_11,
          ebering_dispersal_statue_hall, nicolae_specific_store,
          item_on_display_a
Elf:3:    minmay_elf_hall_spiked, layout_loops_corners,
          kilobyte_mutagenic_chamber
Vaults:1: nicolae_vaults_triangles, st_cross, nicolae_vaults_yaktaur_gun_rack,
          v_misc_12, dpeg_vaults_monster_box, ontoclasm_vaults_twist,
          vaults_mumra_hexcomb, layout_vaults_ring
Vaults:2: minmay_crypt_entry_simple_box, vaults_dpeg_spiral, v_misc_10,
          nicolae_vaults_little_squares_4, nicolae_vaults_little_squares_1,
          vaults_mumra_hex, v_misc_18, nicolae_vaults_network_star,
          vaults_room_hangedman_quadrants, grunt_vaults_focal, v_misc_16,
          vaults_mumra_minichess_inversion, layout_vaults_omnibox, uniq_zenata,
          uniq_mara
Vaults:3: v_rooms_3, vaults_room_ringed_pool, hangedman_vaults_variations,
          v_misc_29, vaults_room_boxed, serial_ice_h,
          layout_vaults_chaotic_city, nicolae_trove_entry_free_sample,
          uniq_boris
Vaults:4: hangedman_vaults_stagger, v_misc_33, v_misc_3, v_alt_pattern_4,
          hangedman_vaults_trim, v_misc_27, vaults_room_corners,
          layout_vaults_omnigrid
Crypt:1:  layout_regular_city, grunt_crypt_arrival_webbed
Crypt:2:  layout_regular_city, minmay_misc_feat_hallway
Crypt:3:  lightli_unholy_cathedral, layout_chaotic_city,
          tomb_entry_forgotten_bobbens
Depths:1: layout_cave_shapes, grunt_decor_junction, hell_entry,
          rand_demon_pan_entry_4, minmay_stone_trees_small,
          chequers_serial_rivers_small_b, nicolae_wu_jian_immortal_techniques
Depths:2: minmay_spriggan_fort, layout_gridville, enter_ziggurat_f,
          nicolae_vehumet_radiance, grunt_hell_entry_dis_old,
          rand_demon_pan_entry_7, kennysheep_random_hallway
Depths:3: impenetrable_vault, layout_cave_pools, hellmouth_1, abyss_entry,
          xom_redecorated, minivault_22
Depths:4: grunt_zot_entry_funnels, layout_long_grid,
          chequers_serial_rivers_small_b, hell_entry, serial_shops,
          shop_fountains
Zot:1:    layout_gridville, nrook_zot_tub, uniq_josephina
Zot:2:    layout_cathedral_of_symmetry, drop_trap, grunt_megastairs_4
Zot:3:    hangedman_orp_of_zott, layout_twisted_circle
Zot:4:    layout_gridville
Zot:5:    layout_gridlike, hangedman_zot_decor_unnerving_road

Skill      XL: |  1  2  3  4  5  6  7  8  9 10 11 12 13 14 15 16 17 18 19 20 21 22 23 24 25 |
---------------+----------------------------------------------------------------------------+-----
Dodging        | 3 4 5 6 7 9 11 13 14 16 19 | 19.0
Fighting       | 1 2 3 4 5 7 8 10 11 13 15 16 18 20 21 22 24 | 24.8
Spellcasting   | 3 4 5 6 8 9 10 12 13 15 17 | 17.0
Hexes          | 2 3 4 |  4.0
Summonings     | 5 6 8 9 11 12 13 14 16 18 | 18.0
Air Magic      | 1 3 4 5 |  5.3
Transmutations | 1 4 9 11 12 | 12.0
Translocations | 3 4 9 |  9.0
Earth Magic    | 5 7 8 |  8.0
Unarmed Combat | 11 16 18 24 27 | 27.0
Stealth        | |  2.6

Action                     |  1- 3 |  4- 6 |  7- 9 | 10-12 | 13-15 | 16-18 | 19-21 | 22-24 | 25-27 || total
---------------------------+-------+-------+-------+-------+-------+-------+-------+-------+-------++-------
  Melee: Unarmed           |     1 |       |    22 |     1 |    77 |   334 |   347 |   870 |   102 ||  1754
         Punch             |     1 |       |       |       |     2 |     5 |    32 |   191 |    25 ||   256
         Bite              |       |       |     4 |       |    12 |    76 |    90 |   211 |    23 ||   416
   Cast: Summon Small Mamm |    63 |    68 |   111 |    23 |     8 |       |       |       |       ||   273
         Call Imp          |    21 |    19 |    31 |     8 |     2 |       |       |       |       ||    81
         Call Canine Famil |     4 |    29 |    59 |    26 |    21 |     4 |       |       |       ||   143
         Summon Guardian G |       |       |    26 |    53 |    33 |     9 |       |       |       ||   121
         Summon Lightning  |       |       |     2 |    28 |   170 |   106 |    44 |    24 |     1 ||   375
         Summon Cactus Gia |       |       |       |    52 |   206 |   158 |    79 |    18 |     1 ||   514
         Summon Forest     |       |       |       |       |    34 |    58 |    36 |    38 |     5 ||   171
         Statue Form       |       |       |       |       |    36 |   130 |    93 |   130 |    18 ||   407
         Irradiate         |       |       |       |       |       |    25 |    20 |    41 |     3 ||    89
         Summon Hydra      |       |       |       |       |       |    38 |    51 |    53 |     5 ||   147
         Summon Mana Viper |       |       |       |       |       |    34 |    19 |    14 |     3 ||    70
         Malign Gateway    |       |       |       |       |       |       |    68 |    93 |    10 ||   171
 Invoke: Call Merchant     |       |       |       |     3 |     4 |       |     3 |       |       ||    10
         Potion Petition   |       |       |       |       |       |       |     1 |     5 |     5 ||    11
Ability: End Transformatio |       |       |       |       |       |       |       |     1 |       ||     1
  Evoke: Wand              |       |       |     4 |     5 |     8 |    20 |       |    15 |     2 ||    54
         Condenser vane    |       |       |       |       |       |       |     1 |     2 |     1 ||     4
         Phial of floods   |       |       |       |       |       |       |     1 |       |       ||     1
         Phantom mirror    |       |       |       |       |       |       |     1 |       |       ||     1
    Use: Scroll            |     2 |     7 |    14 |     6 |    13 |    15 |     2 |    22 |     4 ||    85
         Potion            |       |       |     2 |     1 |     4 |    13 |     6 |    16 |     8 ||    50
   Stab: Paralysed         |       |       |     5 |       |       |       |       |       |       ||     5
         Distracted        |       |       |       |       |     2 |     7 |     8 |    13 |     7 ||    37
         Sleeping          |       |       |       |       |       |       |     1 |     3 |       ||     4
         Confused          |       |       |       |       |       |       |       |     2 |       ||     2
         Invisible         |       |       |       |       |       |       |       |       |     2 ||     2
 Armour: Skin              |     3 |     2 |     1 |     1 |    45 |   210 |   203 |   329 |    35 ||   829
  Dodge: Dodged            |    16 |    12 |    98 |    73 |   598 |  1505 |  1402 |  2346 |   242 ||  6292
  Block: Other             |       |       |       |       |       |       |       |    42 |     9 ||    51

Table legend: (Time is in decaauts)
 A = Elapsed time spent in this place.
 B = Non-inter-level travel time spent in this place.
 C = Inter-level travel time spent in this place.
 D = Time resting spent in this place.
 E = Time spent auto-exploring this place.
 F = Levels seen in this place.
 G = Mean time per level.
                   A        B        C        D        E       F      G
               +--------+--------+--------+--------+--------+-----+--------+
         Total | 101273 |  96393 |   4880 |  25197 |  46743 |  60 | 1687.9 |
       Dungeon |  22928 |  21253 |   1675 |   4365 |  12182 |  15 | 1528.5 |
        Temple |    346 |    328 |     18 |      0 |    320 |   1 |  346.0 |
          Lair |   9799 |   8709 |   1090 |   1409 |   5461 |   5 | 1959.8 |
        Shoals |   8451 |   8284 |    167 |   2495 |   3430 |   4 | 2112.8 |
   Spider Nest |   7369 |   7081 |    288 |   1442 |   3704 |   4 | 1842.2 |
    Slime Pits |   6361 |   6270 |     91 |   2386 |   2457 |   5 | 1272.2 |
  Orcish Mines |   2859 |   2738 |    121 |   1223 |    959 |   2 | 1429.5 |
   Elven Halls |   7151 |   7010 |    141 |   1542 |   3499 |   3 | 2383.7 |
        Vaults |   9666 |   9382 |    284 |   1959 |   5161 |   4 | 2416.5 |
         Crypt |   4793 |   4552 |    241 |    859 |   2296 |   3 | 1597.7 |
        Depths |   7012 |   6557 |    455 |   1551 |   2917 |   4 | 1753.0 |
           Zot |  11140 |  10838 |    302 |   4291 |   3706 |   5 | 2228.0 |
         Abyss |   1001 |   1001 |      0 |    660 |     93 |   2 |  500.5 |
         Sewer |    523 |    523 |      0 |    193 |     32 |   1 |  523.0 |
       Ossuary |    349 |    349 |      0 |     51 |    135 |   1 |  349.0 |
      Ice Cave |   1520 |   1520 |      0 |    768 |    385 |   1 | 1520.0 |
               +--------+--------+--------+--------+--------+-----+--------+

Top non-repeatable levels by time:
Vaults:2: 3626 daAuts
   Elf:3: 3593 daAuts
  Lair:5: 3339 daAuts
   Zot:5: 3069 daAuts
 Slime:4: 2998 daAuts
   Zot:3: 2969 daAuts
Depths:2: 2913 daAuts
Shoals:2: 2747 daAuts
Shoals:4: 2519 daAuts
Spider:3: 2517 daAuts
 Crypt:3: 2375 daAuts
    D:14: 2371 daAuts
Spider:4: 2318 daAuts
Vaults:3: 2315 daAuts
Vaults:1: 2179 daAuts
